 Dungeon Crawl Stone Soup version 0.25-a0-353-ged6d54792d (webtiles) character file.

Game seed: 12635141935329958192, levelgen mode: deterministic

1717 gpo23 the Cleaver (level 8, -10/109 HPs)
             Began as a Minotaur Berserker on Dec 31, 2019.
             Was a Priest of Trog.
             Mangled by an orc warrior
             ... wielding a +0 halberd
              (15 damage)
             ... on level 8 of the Dungeon on Jan 1, 2020.
             The game lasted 00:37:22 (6225 turns).

gpo23 the Cleaver (Minotaur Berserker)              Turns: 6225, Time: 00:37:23

Health: -10/109    AC: 24    Str: 22    XL:     8   Next: 74%
Magic:  7/7        EV:  2    Int:  4    God:    Trog [***...]
Gold:   239        SH:  0    Dex: 12    Spells: 7/7 levels left

rFire    . . .     SeeInvis .   s - +0 hand axe
rCold    . . .     Gourm    .   (no shield)
rNeg     + + +     Faith    .   (armour currently unavailable)
rPois    +         Spirit   .   (helmet currently unavailable)
rElec    .         Reflect  .   (cloak currently unavailable)
rCorr    .         Harm     .   (gloves currently unavailable)
MR       .....     NoTele   +   (boots currently unavailable)
Stlth    +.........             (no amulet)
HPRegen  0.28/turn              (no ring)
MPRegen  0.10/turn              (no ring)

@: tree-form, berserk cooldown, slowed, very slow
A: (retaliatory headbutt)
a: Berserk, Trog's Hand, Renounce Religion


You were on level 8 of the Dungeon.
You worshipped Trog.
Trog was most pleased with you.
You were very hungry.
You were a tree.
You visited 1 branch of the dungeon, and saw 6 of its levels.

You collected 239 gold pieces.

Inventory:

Hand Weapons
 a - a +0 hand axe
 s - a +0 hand axe (weapon)
Armour
 g - a +0 plate armour (melded)
 x - a +0 chain mail
Jewellery
 i - an uncursed ring of wizardry
 o - a cursed +4 ring of strength {unknown}
Scrolls
 b - a scroll of noise {unknown}
 d - 5 scrolls of remove curse
 e - 2 scrolls of teleportation {unknown}
 j - 8 scrolls of identify
 p - a scroll of fog {unknown}
 q - a scroll of fear {unknown}
 r - a scroll of blinking {unknown}
 u - a scroll of immolation {unknown}
 y - 2 scrolls of magic mapping {unknown}
 A - a scroll of random uselessness {unknown}
Potions
 f - 2 potions of ambrosia {unknown}
 h - a potion of heal wounds {unknown}
 k - 2 potions of invisibility {unknown}
 l - a potion of berserk rage {unknown}
 m - 2 potions of curing {unknown}
 n - 2 potions of haste {unknown}
 v - a potion of might {unknown}
 w - a potion of flight {unknown}
Comestibles
 c - 10 rations


   Skills:
 + Level 7.0 Fighting
 * Level 9.3 Axes
 + Level 6.4 Armour
 + Level 5.8 Dodging


You had 7 spell levels left.
You didn't know any spells.
Your spell library was empty.

Dungeon Overview and Level Annotations

Branches:
Dungeon (8/15)
 Temple: D:4-7         Lair: D:8-11

Altars:
Gozag
Makhleb
Wu Jian

Shops:
D:8 **=


Innate Abilities, Weirdness & Mutations

((You reflexively headbutt those who attack you in melee.))
((You have a pair of horns on your head.))


Message History

The orc warrior hits you but does no damage.
The orc hits you but does no damage.
You hit the orc warrior.
The orc warrior is heavily wounded.
The orc warrior hits you but does no damage.
The orc barely misses you.
You closely miss the orc warrior.
The orc warrior is heavily wounded.
The orc warrior hits you but does no damage.
The orc hits you from afar with a +0 trident.
* * * LOW HITPOINT WARNING * * *
The orc warrior hits you with a +0 halberd.
* * * LOW HITPOINT WARNING * * *
The orc hits you but does no damage.
You cannot move.
You hit the orc warrior.
The orc warrior is heavily wounded.
The orc hits you but does no damage.
The orc warrior hits you with a +0 halberd!
You die...

+................ ##+
#................ ....
#................ ....
#................ .....
#................
.....#####.........#######
........##.........#
.......o##.........#######
.(>....oo♣................
........##################
....!....# #.. .........# #.#
.........# #.# .$(....### #.#
....... ##########..
#.################...........
#......................###...


You could see an orc warrior and 2 orcs.

Vanquished Creatures
  A spriggan (D:7)
  An orc warrior (D:7)
  A sky beast (D:7)
  An ogre (D:7)
  6 bullfrogs
  5 wights (D:8)
  A centaur zombie (D:6)
  2 jellies
  A hound (D:7)
  3 orc priests (D:8)
  A bullfrog skeleton (D:8)
  A centaur skeleton (D:7)
  2 iguanas
  Natasha (thrice) (D:2)
  Terence (D:2)
  3 orc wizards
  A worker ant (D:6)
  2 hound zombies
  A hound skeleton (D:7)
  6 adders
  A shadow imp (D:7)
  An adder skeleton (D:7)
  2 worms (D:2)
  A dart slug (D:3)
  3 leopard geckos
  12 orcs
  4 giant cockroaches
  7 goblins
  6 hobgoblins (D:2)
  5 jackals
  3 kobolds
  4 quokkas
  3 bats
  2 frilled lizards
  A quokka zombie (D:7)
  5 rats
103 creatures vanquished.

Notes
Turn   | Place    | Note
-------+----------+-------------------------------------------
     0 | D:1      | gpo23 the Minotaur Berserker began the quest for the Orb.
     0 | D:1      | Reached XP level 1. HP: 19/19 MP: 0/0
   340 | D:1      | Reached XP level 2. HP: 27/27 MP: 1/1
   905 | D:2      | Reached skill level 4 in Axes
  1253 | D:2      | Reached XP level 3. HP: 33/33 MP: 2/2
  1445 | D:2      | Reached ** piety under Trog
  1500 | D:2      | Noticed Natasha
  1512 | D:2      | Killed Natasha
  1512 | D:2      | Reached XP level 4. HP: 40/40 MP: 3/3
  1649 | D:2      | Noticed Natasha
  1658 | D:2      | Killed Natasha
  1773 | D:2      | Noticed Terence
  1777 | D:2      | Killed Terence
  1777 | D:2      | Reached skill level 5 in Axes
  1877 | D:2      | Noticed Natasha
  1889 | D:2      | Killed Natasha
  1889 | D:2      | Reached XP level 5. HP: 47/47 MP: 4/4
  2546 | D:3      | You fall into a shaft and drop 3 floors!
  2557 | D:6      | Reached XP level 6. HP: 55/55 MP: 5/5
  2561 | D:6      | Reached skill level 6 in Axes
  2684 | D:6      | Reached skill level 5 in Fighting
  2838 | D:6      | Reached XP level 7. HP: 61/61 MP: 6/6
  3139 | D:6      | Found an ornate altar of the Wu Jian Council.
  3322 | D:6      | Found an opulent altar of Gozag.
  3599 | D:7      | Reached skill level 7 in Axes
  3848 | D:7      | Found a burning altar of Makhleb.
  3865 | D:7      | Reached skill level 5 in Armour
  4432 | D:7      | Reached *** piety under Trog
  4432 | D:7      | Reached skill level 5 in Dodging
  4432 | D:7      | Reached XP level 8. HP: 70/70 MP: 7/7
  4581 | D:7      | Reached skill level 8 in Axes
  5354 | D:8      | Reached skill level 9 in Axes
  5841 | D:8      | Found Kuveihag's Jewellery Shoppe.
  5849 | D:8      | Upgraded the game from 0.25-a0-346-g140ab784a8 to
                  | 0.25-a0-353-ged6d54792d
  6054 | D:8      | Found Vot Eran's General Store.
  6117 | D:8      | Found Laodugg's Assorted Antiques.
  6224 | D:8      | HP: 4/109 [orc warrior/+0 halberd (3)]
  6225 | D:8      | Mangled by an orc warrior

Levels and vault maps discovered:
D:1:      psy_arrival_statuary, layout_basic, interstate_on_off,
          kennysheep_minor_cross, minmay_misc_feat_more_columns,
          kennysheep_decorative_pillar
D:2:      layout_basic, first_ration, kennysheep_generic_room_13, uniq_terence,
          uniq_natasha
D:3:      layout_rooms, elyvilon_altar_1, uniq_grinder
D:6:      layout_cave_pools, nicolae_overflow_crystal_walls,
          grunt_gozag_breadcrumbs
D:7:      layout_gridville, basic_altar, nrook_mini_backslash, the_bakery
D:8:      layout_basic, serial_shops, nicolae_shop_crystal, shop,
          kennysheep_little_box, ebering_ghost_rock_garden

Skill      XL: |  1  2  3  4  5  6  7  8 |
---------------+-------------------------+-----
Axes           | 4 5 6 7 9 |  9.3
Fighting       | 4 5 6 7 |  7.0
Armour         | 3 4 5 6 |  6.4
Dodging        | 3 4 5 |  5.8

Action                   |  1- 3 |  4- 6 |  7- 9 || total
-------------------------+-------+-------+-------++-------
Melee: Hand axe          |    52 |    71 |   173 ||   296
       Headbutt          |    11 |    17 |    37 ||    65
Invok: Berserk           |     2 |     5 |     9 ||    16
       Trog's Hand       |     1 |     1 |     1 ||     3
  Use: Scroll            |     1 |     2 |       ||     3
       Potion            |       |       |     1 ||     1
  Eat: Chunk             |     3 |     9 |     9 ||    21
       Ration            |       |       |     3 ||     3
Armor: Animal skin       |     2 |       |       ||     2
       Plate armour      |    15 |    37 |    92 ||   144
       Skin              |       |       |    14 ||    14
Dodge: Dodged            |    13 |    22 |    69 ||   104

Table legend:
 A = Non-vault XP
 B = Vault XP
 C = Vault XP percentage of total XP
 D = Non-vault monster count
 E = Vault monster count
 F = Vault count percentage of total count
                 A         B        C        D         E       F
            +---------+---------+-------+---------+---------+-------
      Total |    2166 |     287 |  11.7 |      98 |       5 |   4.9
            +---------+---------+-------+---------+---------+-------
        D:1 |      18 |       0 |   0.0 |      10 |       0 |   0.0
        D:2 |     124 |      76 |  38.0 |      22 |       4 |  15.4
        D:3 |      19 |       0 |   0.0 |       9 |       0 |   0.0
        D:6 |     637 |       0 |   0.0 |      15 |       0 |   0.0
        D:7 |     729 |     211 |  22.4 |      22 |       1 |   4.3
        D:8 |     639 |       0 |   0.0 |      20 |       0 |   0.0
            +---------+---------+-------+---------+---------+-------
